Map: Rifts to Korhal

Players

sTkmonk

  • Race: Terran Terran
  • Spawn Location: 7:00

monk

  • Race: Zerg Zerg
  • Spawn Location: 7:00

VOD

Have the link to the VOD?

Description

Time

  • Played on: Aug. 16, 2017, 2:46 a.m.
  • Length: 19:36
Show
View Real Time Build Order
Export as new Build Order

sTkmonk Terran 

Build Orders:  

Get SALT Encoding   

Show
View Real Time Build Order
Export as new Build Order

monk Zerg 

Build Orders:  

Get SALT Encoding   

  6  0:12  Drone x2  
  7  0:23  Drone x2  
  7  0:27  Drone x2  
  9  0:34  Extractor  
  8  0:41  Drone x2  
  9  0:51  Drone x2  
  10  1:14  Spawning Pool  
  10  1:24  Drone x2  
  11  1:31  Extractor  
  11  1:34  Overlord  
  10  1:45  Baneling Nest  
  10  1:58  Swarmling x6  
  13  2:05  Drone x2  
  13  2:07  Drone x2  
  15  2:20  Drone x2  
  15  2:25  Drone x2  
  17  3:07  Hatchery  
  16  3:15  Overlord  
  16  3:18  Drone x4  
  20  3:30  Drone x2  
  21  3:42  Drone x4  
  21  3:43  Drone x2  
  26  3:52  Drone x2  
  27  4:04  Extractor  
  27  4:06  Extractor  
  27  4:07  Drone x4  
  30  4:22  Drone x2  
  30  4:23  Drone x4  
  33  4:31  Centrifical Hooks  
  33  4:33  Overlord  
  35  5:00  Lair  
  35  5:04  Evolution Chamber  
  35  5:08  Evolution Chamber  
  34  5:19  Metabolic Boost  
  36  5:42  Drone x2  
  39  5:50  Zerg Melee Weapons Level 1  
  39  5:51  Heroic Fortitude  
  39  6:09  Scourge Nest  
  39  6:19  Hardened Carapace  
  41  6:21  Corrosive Acid, Hive  
  41  6:42  Overlord  
  41  6:43  Overlord x4  
  43  6:53  Pneumatized Carapace  
  43  6:54  Overseer  
  43  6:55  Overseer  
  43  7:05  Overlord x2  
  43  7:06  Medusa Blades  
  43  7:12  Virulent Spores  
  42  7:31  Adrenal Overload  
  44  7:51  Rupture  
  44  8:05  Swarmling x3  
  44  8:06  Swarmling x33  
  62  8:16  Simplified Genome  
  62  8:31  Shredding Claws  
  62  8:32  Swarmling x12  
  62  8:36  Zerg Melee Weapons Level 2  
  64  8:54  Scourge x8  
  68  9:04  Hatchery  
  68  9:06  Hatchery  
  68  9:07  Hatchery x2  
  66  9:16  Drone x4, Zerg Flyer Weapons Level 1  
  66  9:19  Zerg Ground Armor Level 1  
  69  10:02  Roach x8  
  69  10:03  Roach x12  
  69  10:05  Swarmling x3  
  69  10:06  Swarmling x27  
  69  10:07  Swarmling x6  
  87  10:16  Overseer x2  
  87  10:17  Overseer x2  
  88  10:21  Overlord x2  
  72  10:45  Scourge x8  
  72  10:46  Scourge x32  
  85  11:15  Scourge x12  
  85  11:16  Scourge x8  
  94  11:21  Scourge x2  
  94  11:22  Swarmling x3  
  79  11:42  Swarmling x3  
  79  11:43  Swarmling x48  
  98  12:00  Swarmling x3  
  96  12:17  Zerg Melee Weapons Level 3  
  96  12:18  Zerg Ground Armor Level 2  
  96  12:19  Zerg Flyer Weapons Level 2  
  84  13:05  Swarmling x3  
  84  13:06  Swarmling x27  
  84  13:07  Swarmling x18  
  86  13:13  Roach x4  
  86  13:14  Roach x14  
  86  13:15  Roach x2  
  81  13:20  Swarmling x6  
  81  13:21  Swarmling x36  
  92  13:44  Swarmling x3  
  92  13:46  Scourge x2  
  90  14:00  Swarmling x3  
  90  14:01  Swarmling x6  
  90  14:08  Scourge x8  
  90  14:09  Scourge x18  
  93  14:11  Scourge x4  
  93  14:17  Swarmling x21  
  93  14:27  Scourge x2  
  93  14:28  Scourge x10  
  96  14:39  Scourge x10  
  94  14:40  Scourge x10  
  94  14:49  Swarmling x6  
  96  15:17  Scourge x2  
  80  15:41  Scourge x6  
  80  15:42  Scourge x32  
  95  15:50  Scourge x2  
  95  15:51  Scourge x6  
  99  16:04  Scourge x2  
  90  16:16  Scourge x2  
  81  16:27  Scourge x6  
  81  16:28  Scourge x20  
  92  16:32  Scourge x6  
  92  16:33  Scourge x6  
  92  16:34  Scourge x12  
  92  16:35  Scourge x10  
  80  16:42  Scourge x4  
  80  16:43  Scourge x12  
  88  16:54  Roach x12, Scourge x4  
  88  16:55  Roach x8, Scourge x4  
  88  16:56  Swarmling x6  
  95  17:05  Scourge x8  
  72  17:33  Scourge x6  
  72  17:36  Scourge x2  
  72  17:38  Swarmling x12  
  72  17:39  Swarmling x39  
  80  17:45  Swarmling x15  
  77  17:51  Swarmling x3  
  77  17:59  Swarmling x12  
  80  18:02  Swarmling x6  
  80  18:08  Swarmling x3  
  80  18:09  Swarmling x3  
  75  18:11  Swarmling x9  
  75  18:16  Swarmling x3  
  75  18:17  Swarmling x9  
  73  18:23  Swarmling x3  
  73  18:24  Swarmling x3  
  61  18:33  Swarmling x3  
  61  18:34  Swarmling x9  
  61  18:39  Swarmling x6  
  60  18:40  Swarmling x3  
  60  18:48  Swarmling x3  
  60  18:49  Swarmling x6  
Tags
 
Add a new tag
Caveats
  • Supply blocks, unpowered buildings, or Contaminate may cause inaccurate times.
  • Supply counts are checked every 10 seconds.